 Dungeon Crawl Stone Soup version 0.27-a0-538-g15ff5c5295 (webtiles) character file.

Game seed: 6411435769823281259

9216 Frqise the Fighter (level 11, -3/97 (102) HPs)
             Began as a Minotaur Berserker on Mar 6, 2021.
             Was a High Priest of Trog.
             Slain by a wight
             ... wielding a +5 spear
              (6 damage)
             ... on level 10 of the Dungeon.
             The game lasted 00:36:46 (11517 turns).

Frqise the Fighter (Minotaur Berserker)            Turns: 11517, Time: 00:36:47

HP:   -3/97 (102)   AC:  7    Str: 31    XL:     11   Next: 20%
MP:   10/10         EV: 15    Int:  4    God:    Trog [*****.]
Gold: 285           SH:  0    Dex: 16    Spells: 10/10 levels left

rFire    . . .     SeeInvis .   s - +4 quarterstaff (chaos)
rCold    . . .     Faith    .   (shield currently unavailable)
rNeg     . . .     Spirit   .   V - +0 troll leather armour
rPois    .         Reflect  .   (helmet restricted)
rElec    .         Harm     .   t - +0 cloak
rCorr    .         Rampage  .   (no gloves)
Will     ++...                  (no boots)
Stlth    +.........             (no amulet)
HPRegen  2.26/turn              c - +6 ring of strength
MPRegen  0.12/turn              v - +6 ring of dexterity

@: marked, regenerating, lightly drained
A: horns 2, retaliatory headbutt
a: Renounce Religion, Berserk, Trog's Hand, Brothers in Arms


You were on level 10 of the Dungeon.
You worshipped Trog.
Trog was extremely pleased with you.
You visited 1 branch of the dungeon, and saw 11 of its levels.
You also visited: Ossuary.

You collected 547 gold pieces.
You spent 262 gold pieces at shops.

Inventory:

Hand Weapons
 a - a +1 hand axe
 s - a +4 quarterstaff of chaos (weapon)
 u - a +1 mace of holy wrath
Armour
 t - a +0 cloak (worn)
 V - a +0 troll leather armour (worn)
Jewellery
 c - a +6 ring of strength (left hand)
 m - a ring of poison resistance
 v - a +6 ring of dexterity (right hand)
 J - an amulet of regeneration
 L - a ring of resist corrosion
 M - a ring of willpower
 O - a +4 ring of protection
Wands
 z - a wand of iceblast (14)
 I - a wand of digging (1)
 P - a wand of paralysis (10)
 T - a wand of flame (19)
 U - a wand of random effects (13)
Scrolls
 e - 5 scrolls of teleportation
 h - 2 scrolls of enchant weapon
 n - a scroll of fear
 q - a scroll of magic mapping
 r - 3 scrolls of amnesia
 w - a scroll of noise {unknown}
 x - a scroll of vulnerability {unknown}
 y - a scroll of immolation
 A - a scroll of summoning {unknown}
 E - a scroll of enchant armour {unknown}
 N - 2 scrolls of brand weapon {unknown}
 S - 2 scrolls of random uselessness {unknown}
Potions
 b - 2 potions of berserk rage
 f - a potion of brilliance {unknown}
 i - 2 potions of haste
 j - 3 potions of flight
 k - 2 potions of heal wounds
 l - 2 potions of lignification
 o - a potion of resistance
 p - a potion of magic {unknown}
 B - a potion of mutation {unknown}
 C - 3 potions of curing
 D - a potion of cancellation {unknown}
 F - 2 potions of ambrosia
 G - a potion of resistance
 K - a potion of might {unknown}
 Q - a potion of attraction {unknown}
 W - a potion of degeneration {unknown}


   Skills:
 * Level 11.1 Fighting
 + Level 8.8(10.7) Axes
 * Level 10.1(11.3) Maces & Flails
 * Level 10.7 Armour
 + Level 7.0 Dodging


You had 10 spell levels left.
You didn't know any spells.
Your spell library contained the following spells:

 Spells                   Type           Power      Damage    Failure   Level
 Confusing Touch          Hex            0%         N/A       88%         3
 Gell's Gravitas          Tloc           0%         N/A       88%         3
 Petrify                  Tmut/Erth      0%         N/A       99%         4
 Metabolic Englaciation   Hex/Ice        0%         N/A       100%        5
 Yara's Violent Unravell  Hex/Tmut       0%         3d3       100%        5


Dungeon Overview and Level Annotations

Branches:
Dungeon (11/15)            Temple (0/1) D:5            Lair (0/6) D:10
    Orc (0/2) D:9         Ossuary (visited)

Altars:
Xom
The Shining One

Shops:
D:5 *   D:6 :


Innate Abilities, Weirdness & Mutations

You have a pair of horns on your head.
You reflexively headbutt those who attack you in melee.


Message History

Things that are here:
a +0 shortbow; 21 arrows You see here a throwing net.
You start resting.
A wight is nearby!
The wight hits you with a +5 spear!
You see here a wand of polymorph (5).
You hit the wight but do no damage. You headbutt the wight.
The wight is moderately damaged.
The wight hits you with a +5 spear.
The wight hits you from afar with a +5 spear!
* * * LOW HITPOINT WARNING * * *
You feel drained.
* * * LOW HITPOINT WARNING * * *
The wight hits you from afar with a +5 spear.
* * * LOW HITPOINT WARNING * * *
You hit the water moccasin. You burn the water moccasin.
The water moccasin is moderately wounded.
The wight hits you from afar with a +5 spear.
* * * LOW HITPOINT WARNING * * *
The water moccasin bites you but does no damage.
You closely miss the water moccasin. You headbutt the water moccasin!
The water moccasin is almost dead.
The wight closely misses you. The water moccasin bites you.
* * * LOW HITPOINT WARNING * * *
The wight hits you from afar with a +4 halberd.
* * * LOW HITPOINT WARNING * * *
You feel drained.
You sock the water moccasin!
You kill the water moccasin!
Trog accepts your kill. The wight barely misses you.
The wight hits you from afar with a +4 halberd!
* * * LOW HITPOINT WARNING * * *
You feel drained.
* * * LOW HITPOINT WARNING * * *
Your skin crawls.
You feel strong-willed.
The wight hits you from afar with a +5 spear.
You die...

#.# #.# ..# #.# #.##
#.# #.## #.#
##.###### #.#
##.....#####.#
#...Yzz....#.#######
#.#####/###...)......
#.# #.@()...#######
#.# ######### ##


You could see an ice beast and 2 wights.

Vanquished Creatures
  Harold (D:10)
  Erica (D:8)
  An unseen horror (D:10)
  An ugly thing (D:8)
  A torpor snail (shapeshifter) (D:7)
  Joseph (D:7)
  A troll (D:9)
  Grinder (D:3)
  A wyvern (D:10)
  Grum (D:8)
  Menkaure (Ossuary)
  2 wargs (D:9)
  4 water moccasins (D:10)
  Duvessa (D:6)
  4 black bears (D:10)
  2 orc warriors
  4 sky beasts
  An ice beast (D:7)
  4 wolves
  3 ogres
  3 centaurs
  4 lemures (D:7)
  A phantom (D:4)
  8 bullfrogs
  A gnoll sergeant (D:10)
  Dowan (D:6)
  3 scorpions
  A water moccasin skeleton (D:7)
  5 wights
  6 killer bees (D:7)
  A howler monkey (D:7)
  A bullfrog zombie (D:7)
  2 centaur zombies
  3 jellies
  2 quasits
  Crazy Yiuf (D:2)
  A centaur skeleton (D:8)
  2 hounds
  5 orc priests
  A bullfrog skeleton (D:9)
  7 orc wizards
  Natasha (twice) (D:2)
  An iguana (D:4)
  6 worker ants
  3 mummies (Ossuary)
  A hound skeleton (D:9)
  A worker ant zombie (D:8)
  5 gnolls (D:10)
  A howler monkey skeleton (D:9)
  12 adders
  A shadow imp (D:7)
  A white imp (D:6)
  2 ufetubi
  An ooze (D:1)
  An adder skeleton (D:8)
  6 worms
  2 dart slugs (D:1)
  4 leopard geckos
  24 orcs
  A ball python (D:1)
  6 giant cockroaches
  4 gnoll zombies (Ossuary)
  4 goblins
  16 hobgoblins
  15 jackals
  10 kobolds
  5 quokkas
  11 bats
  6 frilled lizards
  4 gnoll skeletons (Ossuary)
  3 goblin skeletons (Ossuary)
  7 goblin zombies
  A hobgoblin skeleton (Ossuary)
  6 hobgoblin zombies (Ossuary)
  A jackal zombie (D:6)
  6 kobold skeletons (Ossuary)
  3 kobold zombies (Ossuary)
  7 orc skeletons (Ossuary)
  4 orc zombies (Ossuary)
  2 quokka zombies
  7 rats
  2 rat skeletons (Ossuary)
  2 rat zombies (Ossuary)
302 creatures vanquished.

Vanquished Creatures (others)
  5 dream sheep (D:8)
  A hobgoblin skeleton (Ossuary)
  An orc zombie (Ossuary)
  A rat skeleton (Ossuary)
  18 fungi
  22 plants (D:10)
48 creatures vanquished.

Grand Total: 350 creatures vanquished

Notes
Turn   | Place    | Note
-------+----------+-------------------------------------------
     0 | D:1      | Frqise the Minotaur Berserker began the quest for the Orb.
     0 | D:1      | Reached XP level 1. HP: 19/19 MP: 0/0
   204 | D:1      | Reached XP level 2. HP: 12/27 MP: 1/1
   429 | D:1      | Reached skill level 4 in Fighting
   811 | D:1      | Reached XP level 3. HP: 33/33 MP: 2/2
   928 | D:1      | Reached ** piety under Trog
  1245 | D:2      | Reached XP level 4. HP: 29/41 MP: 3/3
  1433 | D:2      | Noticed Natasha
  1439 | D:2      | Killed Natasha
  2031 | D:2      | Found a runed translucent door.
  2032 | D:2      | Noticed Crazy Yiuf
  2257 | D:2      | Killed Crazy Yiuf
  2258 | D:2      | Reached skill level 5 in Axes
  2258 | D:2      | Reached XP level 5. HP: 29/47 MP: 4/4
  2420 | D:2      | Noticed Natasha
  2425 | D:2      | Killed Natasha
  2485 | D:3      | Reached *** piety under Trog
  2488 | D:3      | Reached skill level 5 in Fighting
  2541 | D:3      | Noticed Grinder
  2554 | D:3      | Killed Grinder
  2555 | D:3      | Reached XP level 6. HP: 29/56 MP: 5/5
  3457 | D:5      | Entered Level 5 of the Dungeon
  3596 | D:4      | Reached XP level 7. HP: 57/62 MP: 6/6
  3608 | D:4      | Reached skill level 5 in Armour
  3711 | D:4      | Reached skill level 6 in Fighting
  4011 | D:4      | Found a sand-covered staircase.
  4019 | Ossuary  | Entered an ossuary
  4181 | Ossuary  | Reached **** piety under Trog
  4424 | Ossuary  | Noticed Menkaure
  4443 | Ossuary  | Killed Menkaure
  5165 | D:5      | Found a staircase to the Ecumenical Temple.
  5250 | D:5      | Found Gith's General Store.
  5253 | D:5      | Bought a potion of resistance for 150 gold pieces
  5253 | D:5      | Bought a scroll of enchant weapon for 112 gold pieces
  5696 | D:6      | Found the +10 tower shield of Ignorance {rN+ Int-4}
  5861 | D:6      | Noticed Duvessa
  5863 | D:6      | Noticed Dowan
  5888 | D:6      | Killed Duvessa
  5889 | D:6      | Reached XP level 8. HP: 58/71 MP: 7/7
  5903 | D:6      | Killed Dowan
  6169 | D:6      | Found Tozyn's Book Boutique.
  6272 | D:6      | Reached skill level 7 in Fighting
  6282 | D:6      | Reached skill level 5 in Maces & Flails
  6970 | D:7      | Reached ***** piety under Trog
  7243 | D:7      | Reached skill level 8 in Fighting
  7266 | D:7      | Reached XP level 9. HP: 72/81 MP: 8/8
  7270 | D:7      | Reached skill level 5 in Dodging
  7348 | D:7      | Noticed Pikel
  7354 | D:7      | Noticed Pikel
  7354 | D:7      | Pikel changed into Pikel the glowing shapeshifter
  7354 | D:7      | Noticed Pikel
  7354 | D:7      | Pikel the glowing shapeshifter changed into Pikel the
                  | torpor snail
  7356 | D:7      | Killed Pikel the torpor snail
  7952 | D:7      | Noticed Joseph
  7961 | D:7      | Killed Joseph
  8252 | D:8      | Noticed Erica
  8262 | D:8      | Reached skill level 9 in Fighting
  8264 | D:8      | Killed Erica
  8873 | D:8      | Reached XP level 10. HP: 89/91 MP: 9/9
  8881 | D:8      | Noticed Grum
  8888 | D:8      | Killed Grum
  9162 | D:8      | Noticed a red ugly thing
  9174 | D:8      | Killed a red ugly thing
  9589 | D:8      | Found a glowing golden altar of the Shining One.
  9788 | D:8      | Found a shimmering altar of Xom.
 10157 | D:9      | Reached skill level 10 in Fighting
 10856 | D:9      | Found a staircase to the Orcish Mines.
 10991 | D:9      | Reached skill level 10 in Armour
 11105 | D:10     | Entered Level 10 of the Dungeon
 11344 | D:10     | Killed an unseen horror
 11351 | D:10     | Reached XP level 11. HP: 65/101 MP: 10/10
 11397 | D:10     | Found a staircase to the Lair.
 11464 | D:10     | Noticed Harold
 11486 | D:10     | Killed Harold
 11487 | D:10     | Reached skill level 11 in Fighting
 11487 | D:10     | Reached skill level 10 in Maces & Flails
 11516 | D:10     | HP: 1/96 [wight/+4 halberd (4)]
 11517 | D:10     | Slain by a wight

Illustrated notes

Levels and vault maps discovered:
D:1:      dpeg_arrival_houses_and_road, layout_basic, minmay_pentomino_p4
D:2:      layout_basic, uniq_natasha, uniq_crazy_yiuf_cottage
D:3:      layout_basic, uniq_grinder
D:4:      layout_gridville, enter_ossuary_4
D:5:      layout_loops_ring, minmay_temple_entry_overgrown, serial_shops,
          nicolae_shop_window_shopping, serial_aquarium,
          aquarium_bridge_long_separate [aquarium_subvault_wall,
          aquarium_subvault_bridge, aquarium_subvault_balcony,
          aquarium_subvault_bridge, aquarium_subvault_wall,
          aquarium_subvault_balcony], aquarium_bridge_island_small
          [aquarium_subvault_small_open, aquarium_subvault_bridge,
          aquarium_subvault_wall, aquarium_subvault_wall,
          aquarium_subvault_wall], aquarium_window_3, aquarium_window_1,
          aquarium_view_2e, aquarium_view_2d
D:6:      layout_basic, serial_shops, nicolae_shop_trees, uniq_menkaure,
          uniq_duvessa
D:7:      layout_loops_ring, eino_curves_01, uniq_pikel, uniq_joseph
D:8:      layout_loops_ring, kb_xom_exploding_sheep, minivault_19,
          nicolae_tso_carved_into_rock, uniq_grum, uniq_erica
D:9:      layout_rooms, david_orc_3
D:10:     layout_loops_ring, minmay_lair_entry_grove, uniq_harold, uniq_snorg
D:11:     layout_gridville, serial_ice, serial_ice_h, serial_ice_k,
          serial_ice_b, serial_ice_o, serial_ice_e, serial_ice_c, serial_ice_a,
          serial_ice_d

Skill      XL: |  1  2  3  4  5  6  7  8  9 10 11 |
---------------+----------------------------------+-----
Axes           | 4 5 6 7 8 |  8.8
Fighting       | 4 5 6 8 9 10 11 | 11.1
Armour         | 3 4 5 7 9 10 | 10.7
Maces & Flails | 2 3 4 6 8 9 10 | 10.1
Dodging        | 3 4 5 6 7 |  7.0

Action                   |  1- 3 |  4- 6 |  7- 9 | 10-12 || total
-------------------------+-------+-------+-------+-------++-------
Melee: Hand axe          |    68 |    32 |       |       ||   100
       Headbutt          |    11 |    16 |    52 |    60 ||   139
       Quarterstaff      |       |    58 |   233 |   174 ||   465
Invok: Berserk           |       |     2 |     2 |     1 ||     5
       Trog's Hand       |       |     2 |     2 |     1 ||     5
  Use: Scroll            |     1 |     4 |     4 |     7 ||    16
       Potion            |       |       |       |     2 ||     2
 Stab: Sleeping          |       |       |     3 |       ||     3
       Paralysed         |       |       |       |     3 ||     3
       Distracted        |       |       |       |     1 ||     1
Armor: Leather armour    |    14 |    17 |    29 |     5 ||    65
       Animal skin       |     1 |       |       |       ||     1
       Troll leather arm |       |       |       |    24 ||    24
Dodge: Dodged            |    31 |    53 |   135 |   173 ||   392

Table legend: (Time is in decaauts)
 A = Elapsed time spent in this place.
 B = Non-inter-level travel time spent in this place.
 C = Inter-level travel time spent in this place.
 D = Time resting spent in this place.
 E = Time spent auto-exploring this place.
 F = Levels seen in this place.
 G = Mean time per level.
                   A        B        C        D        E       F      G
               +--------+--------+--------+--------+--------+-----+--------+
         Total |  11639 |  11403 |    236 |   3722 |   5270 |  12 |  969.9 |
       Dungeon |  10998 |  10762 |    236 |   3580 |   5241 |  11 |  999.8 |
       Ossuary |    641 |    641 |      0 |    142 |     29 |   1 |  641.0 |
               +--------+--------+--------+--------+--------+-----+--------+

Top non-repeatable levels by time:
     D:7: 1749 daAuts
     D:8: 1440 daAuts
     D:6: 1284 daAuts
     D:2: 1278 daAuts
     D:1: 1212 daAuts
     D:9: 984 daAuts
     D:3: 926 daAuts
     D:5: 922 daAuts
     D:4: 787 daAuts
 Ossuary: 641 daAuts
    D:10: 410 daAuts
    D:11: 1 daAuts
